General information
- name: BNet
- type: Ladder team game (AT/RT)
- host: Battle.net
- saver: DAGREN.DEWRW
map: DragonFalls
- players: 8
- length: 25:04
- speed: Fast
- version: 1.26 W3XP
- replay type: Public
» download(162 KB)
Players
team 1 (loser)
MaTe-ME-PeoNs (
purple | 51 APM | 983 actions | 19:25)
4 Death Knight
2 Death Coil
1 Unholy Aura
1 Death Pact
4 Lich
2 Frost Nova
2 Frost Armor
3 Crypt Lord
2 Impale
1 Spiked Carapace
» actions
| Assign group hotkey | 24 | |
| Basic commands | 2 | |
| Build / train | 51 | |
| Enter build submenu | 17 | |
| Enter hero's abilities submenu | 11 | |
| Give item / drop item | 9 | |
| Right click | 417 | |
| Select / deselect | 260 | |
| Select group hotkey | 113 | |
| Use ability | 79 | |
983 total
» units
| Acolyte | 3 | |
| Ghoul | 6 | |
| Crypt Fiend | 6 | |
| Frost Wyrm | 5 | |
20 total
» upgrades
» buildings
| Graveyard | 1 | |
| Crypt | 1 | |
| Altar of Darkness | 1 | |
| Ziggurat | 6 | |
| Tomb of Relics | 1 | |
| Halls of the Dead | 1 | |
| Black Citadel | 1 | |
| Sacrificial Pit | 1 | |
| Boneyard | 2 | |
| Necropolis | 1 | |
16 total
» build order
00:13 Graveyard
00:19 Crypt
00:57 Altar of Darkness
00:59 Ziggurat
01:26 Tomb of Relics
02:03 Ziggurat
04:01 Halls of the Dead
04:32 Ziggurat
05:02 Ziggurat
08:14 Black Citadel
08:18 Sacrificial Pit
08:38 Ziggurat
09:46 Ziggurat
10:40 Boneyard
10:42 Boneyard
17:03 Necropolis
» items
| Rod of Necromancy | 4 | |
| Sacrificial Skull | 1 | |
| Potion of Mana | 1 | |
| Potion of Healing | 1 | |
| Scroll of Town Portal | 2 | |
| Orb of Corruption | 1 | |
| Scroll of Healing | 1 | |
| Scroll of Regeneration | 1 | |
| Lesser Clarity Potion | 1 | |
13 total
jw0ou23 (
teal | 57 APM | 1192 actions | 20:59)
6 Paladin
1 Holy Light
3 Devotion Aura
1 Divine Shield
1 Resurrection
» actions
| Assign group hotkey | 66 | |
| Build / train | 92 | |
| Enter build submenu | 24 | |
| Enter hero's abilities submenu | 6 | |
| Give item / drop item | 1 | |
| Right click | 482 | |
| Select / deselect | 236 | |
| Select group hotkey | 220 | |
| Use ability | 65 | |
1192 total
» units
| Peasant | 16 | |
| Footman | 10 | |
| Rifleman | 2 | |
| Mortar Team | 14 | |
| Siege Engine | 7 | |
| Flying Machine | 12 | |
61 total
» upgrades
| Defend | 1 | |
| Swords | 1 | |
| Lumber Harvesting | 2 | |
| Gunpowder | 2 | |
| Barrage | 1 | |
| Flak Cannons | 1 | |
| Flying Machine Bombs | 1 | |
| Plating | 2 | |
| Fragmentation Shards | 1 | |
12 total
» buildings
| Altar of Kings | 1 | |
| Barracks | 1 | |
| Farm | 12 | |
| Arcane Vault | 1 | |
| Keep | 1 | |
| Blacksmith | 1 | |
| Lumber Mill | 1 | |
| Town Hall | 1 | |
| Gryphon Aviary | 1 | |
| Workshop | 3 | |
| Castle | 1 | |
24 total
» build order
00:11 Altar of Kings
00:14 Barracks
00:20 Farm
00:58 Farm
01:40 Farm
02:49 Arcane Vault
03:41 Keep
04:49 Blacksmith
04:53 Lumber Mill
05:36 Town Hall
06:34 Gryphon Aviary
06:41 Farm
06:57 Farm
07:03 Farm
08:00 Workshop
08:58 Workshop
09:04 Workshop
09:45 Farm
09:48 Castle
10:13 Farm
10:53 Farm
11:31 Farm
12:16 Farm
14:34 Farm
» items
| Scroll of Regeneration | 5 | |
| Scroll of Town Portal | 4 | |
| Potion of Healing | 1 | |
10 total
Anthropologist (
orange | 45 APM | 1117 actions | 25:03)
5 Mountain King
3 Storm Bolt
2 Bash
1 Paladin
1 Holy Light
» actions
| Assign group hotkey | 47 | |
| Basic commands | 23 | |
| Build / train | 81 | |
| Enter build submenu | 23 | |
| Enter hero's abilities submenu | 6 | |
| Give item / drop item | 3 | |
| Remove unit from queue | 1 | |
| Right click | 391 | |
| Select / deselect | 390 | |
| Select group hotkey | 72 | |
| Use ability | 80 | |
1117 total
» units
| Peasant | 11 | |
| Footman | 8 | |
| Rifleman | 2 | |
| Sorceress | 6 | |
| Knight | 5 | |
| Gryphon Rider | 5 | |
| Priest | 1 | |
| Crypt Fiend | 1 | |
39 total
» upgrades
| Swords | 2 | |
| Lumber Harvesting | 1 | |
| Masonry | 1 | |
| Storm Hammers | 1 | |
| Animal War Training | 1 | |
6 total
» buildings
| Altar of Kings | 1 | |
| Barracks | 1 | |
| Farm | 9 | |
| Arcane Vault | 1 | |
| Keep | 1 | |
| Blacksmith | 1 | |
| Lumber Mill | 1 | |
| Castle | 1 | |
| Arcane Sanctum | 1 | |
| Gryphon Aviary | 1 | |
| Scout Tower | 5 | |
| Guard Tower | 3 | |
26 total
» build order
00:09 Altar of Kings
00:16 Barracks
00:22 Farm
01:11 Farm
02:00 Farm
02:28 Arcane Vault
04:17 Keep
04:52 Blacksmith
04:59 Lumber Mill
06:56 Farm
06:58 Castle
07:08 Arcane Sanctum
07:19 Farm
08:03 Farm
09:45 Gryphon Aviary
09:53 Farm
10:33 Farm
11:59 Scout Tower
12:02 Scout Tower
12:06 Scout Tower
12:08 Scout Tower
12:36 Guard Tower
12:40 Guard Tower
12:46 Scout Tower
12:52 Farm
13:30 Guard Tower
» items
| Scroll of Regeneration | 5 | |
| Lesser Clarity Potion | 5 | |
| Scroll of Town Portal | 1 | |
| Potion of Healing | 7 | |
| Orb of Fire | 2 | |
| Potion of Mana | 2 | |
22 total

»
BlackSpider (
pink | 39 APM | 839 actions | 21:37)
4 Death Knight
2 Death Coil
2 Unholy Aura
» actions
| Basic commands | 354 | |
| Build / train | 66 | |
| ESC pressed | 13 | |
| Enter build submenu | 27 | |
| Enter hero's abilities submenu | 4 | |
| Remove unit from queue | 2 | |
| Right click | 5 | |
| Select / deselect | 284 | |
| Use ability | 84 | |
839 total
» units
| Acolyte | 8 | |
| Ghoul | 18 | |
| Crypt Fiend | 4 | |
| Necromancer | 8 | |
| Meatwagon | 3 | |
41 total
» upgrades
| Cannibalize | 1 | |
| Web | 2 | |
| Ghoul Frenzy | 1 | |
| Skeletal Mastery | 1 | |
| Necromancer Training | 2 | |
| Exhume Corpses | 1 | |
| Freezing Breath | 1 | |
9 total
» buildings
| Crypt | 1 | |
| Altar of Darkness | 2 | |
| Ziggurat | 8 | |
| Graveyard | 1 | |
| Nerubian Tower | 1 | |
| Halls of the Dead | 1 | |
| Tomb of Relics | 1 | |
| Spirit Tower | 4 | |
| Black Citadel | 1 | |
| Necropolis | 2 | |
| Sacrificial Pit | 1 | |
| Slaughterhouse | 1 | |
| Temple of the Damned | 2 | |
26 total
» build order
00:37 Crypt
00:42 Altar of Darkness
00:49 Ziggurat
01:06 Ziggurat
01:56 Graveyard
02:10 Nerubian Tower
03:21 Ziggurat
03:55 Halls of the Dead
04:40 Tomb of Relics
04:46 Ziggurat
05:19 Spirit Tower
06:19 Black Citadel
06:50 Necropolis
07:08 Sacrificial Pit
08:04 Ziggurat
08:08 Ziggurat
09:05 Spirit Tower
09:37 Ziggurat
09:50 Slaughterhouse
10:29 Temple of the Damned
11:46 Spirit Tower
12:02 Spirit Tower
13:13 Necropolis
13:37 Temple of the Damned
15:15 Ziggurat
18:59 Altar of Darkness
» items
| Scroll of Town Portal | 1 | |
| Scroll of Regeneration | 1 | |
2 total
team 2 (winner)
iliketurtles (
green | 57 APM | 1428 actions | 25:03)
8 Priestess of the Moon
3 Trueshot Aura
3 Searing Arrows
1 Starfall
1 Scout
» actions
| Assign group hotkey | 56 | |
| Basic commands | 54 | |
| Build / train | 222 | |
| Enter build submenu | 16 | |
| Enter hero's abilities submenu | 9 | |
| Right click | 532 | |
| Select / deselect | 240 | |
| Select group hotkey | 249 | |
| Use ability | 49 | |
1428 total
» units
| Wisp | 25 | |
| Archer | 128 | |
| Faerie Dragon | 2 | |
155 total
» upgrades
| Strength of the Moon | 3 | |
| Moon Armor | 3 | |
| Improved Bows | 1 | |
| Marksmanship | 1 | |
| Ultravision | 1 | |
9 total
» buildings
| Moon Well | 7 | |
| Altar of Elders | 1 | |
| Ancient of War | 2 | |
| Hunter's Hall | 1 | |
| Tree of Life | 1 | |
| Tree of Ages | 4 | |
| Tree of Eternity | 3 | |
| Ancient of Wonders | 1 | |
| Ancient of Wind | 2 | |
22 total
» build order
00:28 Moon Well
00:46 Altar of Elders
01:14 Ancient of War
01:37 Moon Well
02:06 Ancient of War
02:28 Moon Well
02:31 Moon Well
03:18 Hunter's Hall
04:35 Moon Well
05:37 Tree of Life
06:14 Tree of Ages
06:15 Tree of Ages
06:15 Tree of Ages
07:28 Moon Well
08:54 Tree of Eternity
08:54 Tree of Eternity
08:54 Tree of Eternity
09:40 Moon Well
09:47 Ancient of Wonders
18:00 Ancient of Wind
18:02 Ancient of Wind
» items
| Scroll of Town Portal | 5 | |
| Potion of Healing | 1 | |
| Scroll of Healing | 2 | |
8 total
Bio-Rex (
red | 39 APM | 984 actions | 25:03)
5 Mountain King
3 Storm Bolt
2 Bash
3 Paladin
2 Holy Light
1 Divine Shield
» actions
| Assign group hotkey | 3 | |
| Basic commands | 35 | |
| Build / train | 115 | |
| Enter build submenu | 30 | |
| Enter hero's abilities submenu | 8 | |
| Remove unit from queue | 2 | |
| Right click | 453 | |
| Select / deselect | 265 | |
| Select group hotkey | 12 | |
| Use ability | 61 | |
984 total
» units
| Peasant | 19 | |
| Footman | 1 | |
| Rifleman | 24 | |
| Priest | 13 | |
| Mortar Team | 19 | |
| Siege Engine | 5 | |
81 total
» upgrades
| Gunpowder | 3 | |
| Armor | 2 | |
| Lumber Harvesting | 1 | |
| Long Rifles | 1 | |
| Priest Training | 2 | |
| Fragmentation Shards | 1 | |
| Barrage | 1 | |
| Flare | 1 | |
12 total
» buildings
| Altar of Kings | 1 | |
| Farm | 13 | |
| Barracks | 1 | |
| Blacksmith | 1 | |
| Arcane Vault | 1 | |
| Town Hall | 1 | |
| Keep | 1 | |
| Scout Tower | 7 | |
| Lumber Mill | 1 | |
| Guard Tower | 7 | |
| Castle | 1 | |
| Arcane Sanctum | 1 | |
| Workshop | 1 | |
37 total
» build order
00:18 Altar of Kings
00:24 Farm
01:05 Farm
01:37 Barracks
01:42 Blacksmith
01:58 Farm
02:41 Farm
02:54 Arcane Vault
03:37 Farm
04:22 Farm
04:56 Town Hall
06:00 Keep
06:29 Farm
06:34 Scout Tower
07:17 Lumber Mill
08:47 Guard Tower
08:49 Farm
08:52 Scout Tower
08:56 Castle
09:04 Arcane Sanctum
09:08 Workshop
09:31 Guard Tower
09:34 Farm
09:38 Scout Tower
10:09 Guard Tower
10:15 Scout Tower
12:18 Guard Tower
12:21 Scout Tower
14:36 Guard Tower
14:41 Scout Tower
19:35 Guard Tower
19:39 Scout Tower
20:20 Guard Tower
20:23 Farm
21:29 Farm
21:32 Farm
22:11 Farm
» items

»
moanin_mongoose (
blue | 24 APM | 591 actions | 25:03)
5 Demon Hunter
3 Mana Burn
2 Evasion
» actions
| Assign group hotkey | 4 | |
| Basic commands | 2 | |
| Build / train | 52 | |
| Enter build submenu | 14 | |
| Enter hero's abilities submenu | 5 | |
| Give item / drop item | 1 | |
| Remove unit from queue | 2 | |
| Right click | 221 | |
| Select / deselect | 230 | |
| Select group hotkey | 14 | |
| Use ability | 46 | |
591 total
» units
| Wisp | 14 | |
| Archer | 6 | |
| Huntress | 4 | |
| Druid of the Claw | 9 | |
33 total
» upgrades
| Reinforced Hides | 2 | |
| Druid of the Claw Training | 2 | |
| Mark of the Claw | 1 | |
5 total
» buildings
| Altar of Elders | 1 | |
| Moon Well | 6 | |
| Ancient of War | 1 | |
| Hunter's Hall | 1 | |
| Tree of Ages | 1 | |
| Ancient of Wonders | 1 | |
| Ancient of Lore | 3 | |
| Tree of Eternity | 1 | |
15 total
» build order
00:13 Altar of Elders
00:19 Moon Well
00:45 Ancient of War
01:36 Moon Well
02:27 Moon Well
03:24 Moon Well
03:39 Hunter's Hall
05:06 Tree of Ages
06:17 Ancient of Wonders
07:56 Ancient of Lore
08:04 Ancient of Lore
08:07 Tree of Eternity
09:51 Ancient of Lore
10:40 Moon Well
10:45 Moon Well
» items
| Potion of Healing | 1 | |
| Scroll of Town Portal | 2 | |
| Lesser Clarity Potion | 1 | |
4 total

»
DAGREN.DEWRW (
yellow | 71 APM | 1789 actions | 25:04)
7 Paladin
3 Holy Light
3 Divine Shield
1 Resurrection
6 Mountain King
3 Storm Bolt
2 Bash
1 Avatar
» actions
| Assign group hotkey | 47 | |
| Basic commands | 4 | |
| Build / train | 60 | |
| Enter build submenu | 22 | |
| Enter hero's abilities submenu | 14 | |
| Give item / drop item | 3 | |
| Remove unit from queue | 2 | |
| Right click | 785 | |
| Select / deselect | 202 | |
| Select group hotkey | 547 | |
| Use ability | 103 | |
1789 total
» units
| Peasant | 7 | |
| Footman | 8 | |
| Goblin Shredder | 1 | |
| Gryphon Rider | 5 | |
| Dragonhawk Rider | 5 | |
26 total
» upgrades
| Defend | 1 | |
| Lumber Harvesting | 2 | |
| Storm Hammers | 1 | |
| Cloud | 1 | |
| Masonry | 1 | |
6 total
» buildings
| Altar of Kings | 1 | |
| Barracks | 1 | |
| Farm | 7 | |
| Scout Tower | 1 | |
| Arcane Tower | 1 | |
| Arcane Vault | 2 | |
| Keep | 1 | |
| Lumber Mill | 1 | |
| Blacksmith | 1 | |
| Castle | 1 | |
| Gryphon Aviary | 5 | |
| Town Hall | 1 | |
23 total
» build order
00:20 Altar of Kings
00:26 Barracks
00:40 Farm
00:56 Farm
01:39 Farm
01:44 Scout Tower
02:16 Arcane Tower
02:22 Arcane Vault
03:33 Keep
04:18 Farm
04:33 Lumber Mill
04:37 Blacksmith
05:31 Farm
06:51 Castle
06:57 Gryphon Aviary
08:01 Gryphon Aviary
08:21 Gryphon Aviary
08:23 Farm
08:24 Farm
13:03 Gryphon Aviary
13:50 Gryphon Aviary
13:56 Arcane Vault
20:57 Town Hall
» items
| Scroll of Regeneration | 2 | |
| Lesser Clarity Potion | 1 | |
| Potion of Lesser Invulnerability | 1 | |
| Scroll of Healing | 1 | |
| Potion of Mana | 1 | |
| Scroll of Town Portal | 2 | |
8 total
Chat log
(00:18 / Allies) iliketurtles: lets pwnage
(00:49 / Allies) Bio-Rex: rifles priests morts here
(00:52 / Allies) DAGREN.DEWRW: yea lets pawn like i pawned my sisters buttocks
(00:53 / Allies) iliketurtles: good
(01:03 / Allies) iliketurtles: cool
(01:09 / Allies) moanin_mongoose: acrh bears?
(01:14 / All) DAGREN.DEWRW: red neck ROLL CALL
(01:17 / Allies) iliketurtles: yeah good
(01:21 / Allies) iliketurtles: potm here
(02:13 / Allies) Bio-Rex: early free
(02:16 / Allies) moanin_mongoose: take it
(03:21 / Allies) DAGREN.DEWRW: come turtle ill heal ur ass
(04:18 / Allies) iliketurtles: use my wells
(04:32 / Allies) moanin_mongoose: red can i help
(07:29 / Allies) DAGREN.DEWRW: wood
(07:42 / Allies) moanin_mongoose: me b
(09:21 / Allies) moanin_mongoose: wood plz
(09:23 / Allies) Bio-Rex: back
(10:01 / Allies) moanin_mongoose: wood anyoone?
(10:06 / Allies) Bio-Rex: got nothin
(10:08 / Allies) moanin_mongoose: ty
(10:34 / Allies) DAGREN.DEWRW: meet we can rape them
(10:39 / Allies) iliketurtles: yeah
(11:06 / Allies) iliketurtles: lets go
(11:15 / Allies) iliketurtles: back up
(11:17 / Allies) iliketurtles: tp out
(11:23 / Allies) DAGREN.DEWRW: tp fool
(11:27 / Allies) DAGREN.DEWRW: wow
(11:45 / Allies) iliketurtles: gay
(11:47 / Allies) iliketurtles: get hte hall
(12:14 / Allies) iliketurtles: tp here inb a sec yellow
(13:10 / Allies) moanin_mongoose: canyt move
(13:13 / All) Anthropologist: back
(15:10 / Allies) Bio-Rex: lumber please
(15:53 / Allies) iliketurtles: tp out
(15:59 / Allies) iliketurtles: gotta put air on morts
(16:01 / Allies) iliketurtles: guys
(16:06 / Allies) iliketurtles: take those morts out yellow
(16:39 / Allies) iliketurtles: roar my archers
(16:40 / Allies) iliketurtles: blue
(16:40 / Allies) iliketurtles: roar
(16:54 / Allies) iliketurtles: yellow
(16:59 / Allies) iliketurtles: take care of them morts
(18:15 / Allies) iliketurtles: gj red
(19:04 / All) iliketurtles: gg
(20:51 / All) DAGREN.DEWRW: kodo #1
(22:27 / All) DAGREN.DEWRW: lets not be a poor sport oj
(23:39 / Allies) DAGREN.DEWRW: ninja turtles?
(23:41 / Allies) DAGREN.DEWRW: u like?
(23:48 / Allies) iliketurtles: yeah
(23:54 / Allies) DAGREN.DEWRW: ralph #1